AoeStats
← Wolfram

Pilgrims

508274400Analyzed
4v4 RM · 10d ago on Sep 21, 2026· 46m 9s· 8 players
Game mode
Random Map
Map size
Large (8 player)
Population
200
Speed
Normal
Resources
Standard
Victory
Conquest
Starting age
Dark Age
Ending age
Imperial Age
RankedLock teamsTeams togetherTeam positionsShared explorationLock speedFull tech treeHidden civsTurbo modeCheats
Victory
Defeat
🇩🇪 Wu · Germany
1349
+11
🇳🇦 Magyars · Namibia
1245
+15
🇨🇳 Portuguese · China
1191
+18
🇨🇴 Mongols · Colombia
1147
+20
🇮🇳 Vikings · India
1318
-19
🇮🇳 Persians · India
1232
-16
🇭🇷 Chinese · Croatia
1198
-15
🇰🇿 Khmer · Kazakhstan
1182
-14
Brüno
2:45 Loom
12:03 Feudal Age
13:48 Double-Bit Axe
14:07 Horse Collar
16:36 Castle Age
15:12 Fletching
17:28 Wheelbarrow
18:32 Bodkin Arrow
18:40 Gold Mining
19:50 Town Watch
20:41 Wheelbarrow
22:01 Gold Shaft Mining
21:34 Padded Archer Armor
23:28 Bow Saw
26:43 Imperial Age
26:54 Elite Skirmisher
28:37 Conscription
28:43 Leather Archer Armor
28:33 Bracer
29:49 Leather Archer Armor
30:50 Thumb Ring
35:30 Hand Cart
35:16 Heavy Plow
38:00 Ring Archer Armor
37:31 Scale Mail Armor
37:26 Stone Mining
37:46 Pikeman
40:10 Forging
44:03 Elite Chu Ko Nu
katzzu
5:18 Loom
9:46 Feudal Age
13:50 Fletching
18:43 Castle Age
18:03 Double-Bit Axe
21:32 Bodkin Arrow
23:59 Ballistics
42:54 Horse Collar
43:30 Bow Saw
44:03 Padded Archer Armor
44:06 Elite Skirmisher
44:14 Crossbowman
48:27 Imperial Age
DarkDaiver
3:09 Loom
12:29 Feudal Age
14:24 Bloodlines
17:06 Castle Age
15:58 Forging
16:45 Fishing Lines
18:31 Iron Casting
19:02 Horse Collar
20:33 Scale Barding Armor
21:26 Gillnets
22:06 Chain Barding Armor
22:32 Double-Bit Axe
25:46 Wheelbarrow
25:24 Bow Saw
25:29 Heavy Plow
25:36 Elite Skirmisher
26:12 Fletching
26:23 Padded Archer Armor
27:25 Bodkin Arrow
29:43 Husbandry
31:13 Ballistics
33:08 Hand Cart
39:28 Imperial Age
36:56 Light Cavalry
39:29 Hussar
41:12 Blast Furnace
42:02 Plate Barding Armor
43:57 Crop Rotation
45:12 Conscription
The OG PinkMan
6:13 Loom
11:24 Feudal Age
12:31 Man-at-Arms
14:15 Double-Bit Axe
16:36 Bloodlines
23:12 Castle Age
22:40 Gold Mining
22:33 Horse Collar
23:10 Forging
23:06 Scale Barding Armor
25:06 Chain Barding Armor
27:13 Scale Mail Armor
26:35 Long Swordsman
33:25 Fishing Lines
34:16 Gillnets
38:36 Medium Warships
38:31 Stone Mining
38:57 Bow Saw
39:37 Medium Warships
40:23 Wheelbarrow
46:46 Imperial Age
44:50 Husbandry
Wolfram
10:26 Feudal Age
11:14 Loom
12:27 Double-Bit Axe
21:10 Castle Age
21:11 Horse Collar
22:17 Bow Saw
23:04 Medium Warships
23:43 Fletching
27:38 Clinker Construction
29:49 Bodkin Arrow
30:24 Town Watch
33:32 Heavy Plow
34:11 Wheelbarrow
35:36 Hand Cart
38:49 Scale Barding Armor
41:36 Imperial Age
39:19 Corvinian Army
42:46 Chain Barding Armor
42:38 Bloodlines
42:29 Husbandry
46:02 Plate Barding Armor
VenenoMcc
10:51 Feudal Age
13:50 Wheelbarrow
16:51 Castle Age
16:37 Double-Bit Axe
16:35 Horse Collar
32:43 Fishing Lines
33:07 Light Cavalry
35:23 Scale Barding Armor
35:45 Bloodlines
35:48 Town Watch
37:46 Chain Barding Armor
37:39 Husbandry
38:09 Padded Archer Armor
38:10 Scale Mail Armor
38:12 Elite Skirmisher
39:32 Forging
40:36 Gold Mining
40:38 Stone Mining
41:14 Loom
41:47 Hand Cart
42:48 Bow Saw
42:57 Chain Mail Armor
42:33 Fletching
43:01 Pikeman
43:42 Squires
Vtinglove
3:45 Loom
12:39 Feudal Age
13:52 Double-Bit Axe
16:47 Castle Age
14:33 Horse Collar
15:03 Fishing Lines
18:45 Fletching
19:33 Gillnets
19:53 Medium Warships
20:45 Bow Saw
20:58 Gold Mining
21:10 Heavy Plow
22:09 Town Watch
23:44 Pikeman
26:02 Scale Mail Armor
26:13 Forging
26:13 Arson
26:38 Stone Mining
27:56 Chain Mail Armor
28:16 Iron Casting
30:48 Scale Barding Armor
33:16 Circumnavigation
34:20 Wheelbarrow
37:19 Imperial Age
35:20 Clinker Construction
35:31 Ballistics
35:25 Bodkin Arrow
36:55 Stone Shaft Mining
37:00 Hand Cart
37:05 Caravan
37:59 Elite Organ Gun
39:10 Conscription
40:46 Chemistry
40:49 Arquebus
45:28 Siege Engineers
[VYRE] Vantage
11:37 Feudal Age
11:42 Feudal Age
15:59 Castle Age
14:09 Stone Mining
14:37 Gold Mining
14:35 Double-Bit Axe
15:06 Fletching
16:04 Padded Archer Armor
17:03 Bodkin Arrow
21:15 Ballistics
21:41 Gold Shaft Mining
21:21 Bow Saw
21:41 Red Cliffs Tactics
23:53 Leather Archer Armor
24:13 Masonry
26:25 Wheelbarrow
29:47 Horse Collar
30:40 Scale Mail Armor
32:06 Chain Mail Armor
32:08 Loom
37:23 Imperial Age
37:27 Elite Fire Archer
38:19 Sitting Tiger
38:35 Bracer
41:13 Sitting Tiger
42:15 Conscription
42:43 Hand Cart
44:03 Forging
44:25 Architecture
Connection lost

Rejoining the realm…

Still unreachable

The connection could not be restored.

Session expired

The server has moved on; the page needs a fresh start.